 Dungeon Crawl Stone Soup version 0.16.1-7-g2c6721e (webtiles) character file.

1 Gorice the Conjurer (level 1, 0/14 HPs)
             Began as a Demonspawn Wanderer on Mar 29, 2015.
             Slain by a kobold
             ... wielding a +1 dagger of speed
              (2 damage)
             ... on level 1 of the Dungeon.
             The game lasted 00:01:42 (95 turns).

Gorice the Conjurer (Demonspawn Wanderer)             Turns: 95, Time: 00:01:42

Health: 0/14       AC:  2    Str: 12    XL:     1   Next: 16%
Magic:  2/2        EV: 11    Int: 15    God:
Gold:   0          SH:  0    Dex: 10    Spells: 0 memorised, 2 levels left

rFire  . . .     SeeInvis .     d - +0 club
rCold  . . .     Clarity  .     c - +0 robe
rNeg   . . .     SustAb   .     (no shield)
rPois  .         Gourm    .     (no helmet)
rElec  .         Spirit   .     (no cloak)
rCorr  .         Warding  .     (no gloves)
rMut   .         Stasis   .     (no boots)
MR     .....                    (no amulet)
Stlth  +.........               (no ring)
                                (no ring)

@: not resistant to hostile enchantments, very unstealthy
A: no striking features
a: no special abilities


You were on level 1 of the Dungeon.
You were not hungry.

You visited 1 branch of the dungeon, and saw 1 of its levels.

Inventory:

Hand weapons
 d - a +0 club (weapon)
Missiles
 Z - 25 stones (quivered)
Armour
 c - a +0 robe (worn)
Scrolls
 b - a scroll of teleportation {!r}
 e - a scroll of enchant weapon {unknown}
Books
 a - a book of Necromancy
Comestibles
 f - a bread ration {!e}


   Skills:
 * Level 0.4 Fighting
   Level 1.7 Bows
 - Level 1.0 Armour
 - Level 1.0 Stealth
 - Level 1.0 Spellcasting
   Level 3.0 Conjurations
   Level 1.1 Necromancy
   Level 1.0 Evocations


You had 2 spell levels left.
You didn't know any spells.

Dungeon Overview and Level Annotations

Branches:
Dungeon (1/15)

Altars:


Message History

Unknown command.
Unknown command.
Okay, then.
You open the door.
There is an open door here.
You open the door.
There is an open door here.
Found 25 stones.
You see here 25 stones.
Z - 25 stones (quivered)
You open the door.
Found a stone staircase leading down.
e - a scroll labeled ABOSCHA ZUUKK A bat comes into view.
A kobold comes into view. It is wielding a short sword.
The bat closely misses you. The bat barely misses you.
You hit the bat.
The bat is heavily wounded.
The kobold shouts!
The bat hits you but does no damage.
The kobold throws a stone.
The stone closely misses you. The bat misses you.
The kobold throws a stone.
The stone hits you but does no damage.
You see here a stone.
You hit the bat.
You kill the bat!
The kobold throws a stone.
The stone hits you but does no damage.
The kobold throws a stone.
The stone hits you but does no damage.
A kobold comes into view. It is wielding a dagger of speed.
You see here a stone.
The kobold shouts!
The kobold throws a stone.
The stone hits you but does no damage.
The kobold throws a stone.
The stone hits you but does no damage.
You see here 2 stones.
The kobold hits you with a short sword.
You take 3 damage.
You hit the kobold.
You kill the kobold!
The kobold closely misses you.
You hit the kobold but do no damage.
The kobold hits you with a dagger of speed.
The kobold hits you but does no damage.
You take 3 damage.
You closely miss the kobold. The kobold hits you but does no damage.
You completely miss the kobold.
The kobold hits you with a dagger of speed.
* * * LOW HITPOINT WARNING * * *
The kobold hits you with a dagger of speed.
You die...

. ######
..###....#####
.............
........)..#
#...@K.# #......#
#...(..###
...###...(....###
#......(.........
#..##.†.(..#.###
. #......#.#
#......# #
#......#


You could see a kobold.

Vanquished Creatures
  A bat (D:1)
  A kobold (D:1)
2 creatures vanquished.

Notes
Turn   | Place    | Note
--------------------------------------------------------------
     0 | D:1      | Gorice, the Demonspawn Wanderer, began the quest for the Orb.
     0 | D:1      | Gorice set off with: a book of Necromancy, a scroll of teleportation {!r}, a +0 robe, a +0 club, a bread ration {!e}
     0 | D:1      | Reached XP level 1. HP: 13/13 MP: 2/2
    95 | D:1      | HP: 2/14 [kobold/dagger of speed (5)]
    95 | D:1      | Slain by a kobold

Action                   || total
-------------------------++-------
Melee: Club              ||     6

Table legend:
 A = Turns spent in this place as a percentage of turns spent in the entire game.
 B = Non-inter-level travel turns spent in this place as a percentage of non-inter-level travel turns spent in the entire game.
 C = Inter-level travel turns spent in this place as a percentage of turns spent in this place.
 D = Turns resting spent in this place as a percentage of non-inter-level travel turns spent in this place.
 E = Turns spent auto-exploring this place as a percentage of non-inter-level travel turns spent in this place.
 F = Non-inter-level travel turns spent in this place divided by the number of levels of this place that you've seen.
                   A       B       C       D       E      F
               +-------+-------+-------+-------+-------+----------------------
         Total | 100.0 | 100.0 |   0.0 |   0.0 |   6.5 |  62.0
       Dungeon | 100.0 | 100.0 |   0.0 |   0.0 |   6.5 |  62.0
               +-------+-------+-------+-------+-------+----------------------

Vault maps used:
D:1:      elethiomel_arrival_quiet
